 Dungeon Crawl Stone Soup version 0.20-a0-501-g0de2c2e (webtiles) character file.

1512 Derfel the Covert (level 8, -9/42 HPs)
             Began as a Spriggan Enchanter on Jan 18, 2017.
             Was an Initiate of Gozag.
             Mangled by Prince Ribbit (16 damage)
             ... on level 4 of the Dungeon on Jan 20, 2017.
             The game lasted 00:35:14 (11549 turns).

Derfel the Covert (Spriggan Enchanter)             Turns: 11549, Time: 00:35:15

Health: -9/42      AC:  2    Str:  7    XL:     8   Next: 53%
Magic:  0/19       EV: 18    Int: 16    God:    Gozag
Gold:   132        SH:  0    Dex: 18    Spells: 9/21 levels left

rFire    . . .     SeeInvis +   v - +6 dagger (flame)
rCold    + . .     Gourm    .   b - +0 robe
rNeg     . . .     Faith    .   (shield restricted)
rPois    .         Spirit   +   (helmet restricted)
rElec    .         Reflect  .   (no cloak)
rCorr    .         Harm     .   (gloves unavailable)
MR       +....                  (boots unavailable)
Stlth    ++++......             f - amulet of guardian spirit
Regen    0.1/turn               t - +2 ring of strength
                                (no ring)

@: very quick
A: unfitting armour, talons 1, see invisible, cold resistance 1, herbivore 3,
speed 3, slow regeneration 1, slow metabolism 2
a: Potion Petition, Call Merchant, Bribe Branch, Renounce Religion


You were on level 4 of the Dungeon.
You worshipped Gozag.
Gozag was aware of your devotion.
You were near starving.

You visited 2 branches of the dungeon, and saw 6 of its levels.

You collected 295 gold pieces.
You spent 90 gold pieces at shops.
You paid 73 gold pieces to Gozag.

Inventory:

Hand Weapons
 v - a +6 dagger of flaming (weapon)
Missiles
 k - 230 stones (quivered)
Armour
 b - a +0 robe (worn)
Jewellery
 f - an amulet of guardian spirit (around neck)
 t - a +2 ring of strength (right hand)
 w - an uncursed amulet of magic regeneration {unknown}
Wands
 h - a wand of polymorph (0/24)
 i - a wand of lightning (0/15)
Scrolls
 a - a scroll of identify {@r1}
 g - 4 scrolls of teleportation
 x - 2 scrolls of remove curse {@r2}
Potions
 e - 2 potions of cancellation
 m - a potion of agility
 n - 2 potions of mutation
 o - 2 potions of haste {unknown}
 p - a potion of flight {unknown}
 q - 2 potions of heal wounds {unknown}
 s - a potion of brilliance {unknown}
Books
 c - a book of Maledictions

   Spells                             Type                      Level
   a - Corona                         Hexes                        1
   b - Ensorcelled Hibernation        Hexes/Ice                    2
   c - Confuse                        Hexes                        3
   d - Tukima's Dance                 Hexes                        3
   e - Dazzling Spray                 Conjuration/Hexes            3
Comestibles
 d - 5 bread rations
 u - 2 fruits


   Skills:
 + Level 4.2 Fighting
 - Level 1.1 Short Blades
 - Level 3.0 Dodging
 + Level 9.0 Stealth
 + Level 7.1 Spellcasting
 + Level 7.4 Hexes


You had 9 spell levels left.
You knew the following spells:

 Your Spells              Type           Power        Failure   Level  Hunger
a - Corona                Hex            ####...      1%          1    None
b - Ensorcelled Hibernat  Hex/Ice        ###...       4%          2    None
c - Confuse               Hex            ####....     1%          3    ##.....
d - Dazzling Spray        Conj/Hex       ###...       10%         3    ##.....
e - Tukima's Dance        Hex            ####....     1%          3    ##.....


Dungeon Overview and Level Annotations

Branches:
Dungeon (5/15)             Temple (1/1) D:5

Altars:
Ashenzari
Cheibriados
Dithmenos
Elyvilon
Fedhas
Gozag
Hepliaklqana
Kikubaaqudgha
Makhleb
Nemelex Xobeh
Qazlal
Ru
Sif Muna
Trog
Uskayaw
Xom
Yredelemnul
Zin

Shops:
D:5 *

Annotations:
D:4 Prince Ribbit


Innate Abilities, Weirdness & Mutations

You are very small and have problems with some larger weapons.
You are too small for most types of armour.
You have supernaturally acute eyesight. (SInv)
You are a herbivore.
You cover ground extremely quickly.
You need consume almost no food.
You have sharp toenails.
Your flesh is cold resistant. (rC+)
You regenerate slowly when monsters are visible.


Message History

There is an open door here.
There is an open door here.
Prince Ribbit closely misses you.
Casting: Ensorcelled Hibernation
Confirm with . or Enter, or press ? or * to list all spells.
Aiming: Ensorcelled Hibernation
Press: ? - help, Shift-Dir - straight line, f/p - Prince Ribbit
Aim: Prince Ribbit (lightly wounded, chance to defeat MR: 30%) Prince Ribbit easily resists.
Prince Ribbit hits you!
* * * LOW HITPOINT WARNING * * *
Prince Ribbit croaks regally.
Prince Ribbit closely misses you.
It was a potion of mutation.
You feel extremely strange.
You feel resistant to cold.
Your toenails lengthen and sharpen.
Your regeneration weakens near monsters.
Prince Ribbit hits you.
* * * LOW HITPOINT WARNING * * *
Prince Ribbit hits you!!
You die...
Your body crumbles into a pile of gold.

#....###'##...######...#
#..
#.........#....#...'...#
#..
#..(..>...#.F..#..##..##
#..
#.(.......#....#..#####
#.. #.........#...##...#
#..
#####.........#'####'###
#..
.........######...#....#
#.. .........#
#...F#....# #..
.........# #..@.#....#
#.. .........#
######....# #..
########## ###### ###


You could see Prince Ribbit.

Vanquished Creatures
  2 ogres (D:4)
  2 phantoms (D:4)
  A centaur (D:4)
  The ghost of Theed the Conjurer, an amateur DsWz of Vehumet (D:3)
  A bullfrog (D:4)
  A scorpion (D:4)
  A crimson imp (D:5)
  A hound (D:4)
  4 orc wizards
  3 orc priests
  An iguana (D:5)
  Natasha (thrice) (D:2)
  5 worker ants
  A killer bee zombie (D:5)
  11 gnolls
  13 adders
  3 oozes (D:4)
  2 worms (D:2)
  3 dart slugs (D:2)
  10 leopard geckos
  15 orcs
  13 giant cockroaches
  12 goblins
  16 hobgoblins
  7 jackals
  13 kobolds
  4 quokkas
  10 bats
  10 frilled lizards
  A jackal skeleton (D:4)
  A leopard gecko zombie (D:5)
  2 quokka skeletons (D:4)
  8 rats
181 creatures vanquished.

Vanquished Creatures (collateral kills)
  An orc priest (D:5)
  2 orcs (D:4)
  A kobold (D:3)
4 creatures vanquished.

Vanquished Creatures (others)
  4 dancing weapons (D:5)
  A hobgoblin (D:2)
5 creatures vanquished.

Grand Total: 190 creatures vanquished

Notes
Turn   | Place    | Note
-------+----------+-------------------------------------------
     0 | D:1      | Derfel the Spriggan Enchanter began the quest for the Orb.
     0 | D:1      | Reached XP level 1. HP: 9/9 MP: 5/5
   460 | D:1      | Reached XP level 2. HP: 14/14 MP: 4/6
   555 | D:1      | Learned a level 2 spell: Ensorcelled Hibernation
   574 | D:1      | Reached skill level 1 in Fighting
  1124 | D:1      | Reached XP level 3. HP: 16/18 MP: 0/8
  1374 | D:1      | Learned a level 3 spell: Confuse
  1702 | D:1      | Reached skill level 5 in Stealth
  2008 | D:2      | Found a stormy altar of Qazlal.
  2223 | D:2      | Found a hazy altar of Hepliaklqana.
  2467 | D:2      | Found a burning altar of Makhleb.
  2562 | D:2      | Reached XP level 4. HP: 22/22 MP: 6/9
  2927 | D:2      | Noticed Natasha
  2983 | D:2      | HP: 1/23 [white imp/puff of frost[Natasha] (7)]
  2984 | D:2      | Killed Natasha
  3070 | D:2      | Noticed Natasha
  3433 | D:2      | Killed Natasha
  3433 | D:2      | Reached XP level 5. HP: 25/26 MP: 4/11
  3755 | D:2      | Noticed Natasha
  3851 | D:2      | Killed Natasha
  3851 | D:2      | Reached skill level 6 in Stealth
  4254 | D:3      | Noticed Theed's ghost (amateur DsWz)
  4496 | D:3      | Found a faded altar of an unknown god.
  4537 | D:3      | Reached skill level 5 in Hexes
  6026 | D:2      | Learned a level 3 spell: Tukima's Dance
  6046 | D:3      | Found a shimmering altar of Xom.
  6101 | D:3      | Reached XP level 6. HP: 30/31 MP: 0/13
  6537 | D:3      | Killed Theed's ghost
  7442 | D:3      | Learned a level 3 spell: Dazzling Spray
  7492 | D:3      | Upgraded the game from 0.20-a0-495-g2241292 to 0.20-a0-501-g0de2c2e
  7710 | D:4      | Reached skill level 7 in Stealth
  7710 | D:4      | Reached skill level 5 in Spellcasting
  7710 | D:4      | Reached XP level 7. HP: 35/35 MP: 7/15
  8465 | D:4      | Reached skill level 8 in Stealth
  9041 | D:4      | Reached XP level 8. HP: 32/41 MP: 4/18
 10186 | D:5      | Entered Level 5 of the Dungeon
 10607 | D:5      | Found a blossoming altar of Fedhas.
 10800 | D:5      | Found Ixorag's General Store.
 10803 | D:5      | Found a staircase to the Ecumenical Temple.
 10823 | D:5      | Bought 3 scrolls of remove curse for 90 gold pieces
 10848 | Temple   | Entered the Ecumenical Temple
 11046 | Temple   | Became a worshipper of Gozag Ym Sagoz the Greedy
 11083 | D:5      | Found a sparkling altar of Nemelex Xobeh.
 11389 | D:5      | Noticed Prince Ribbit
 11390 | D:5      | Reached skill level 9 in Stealth
 11548 | D:4      | Gained mutation: Your flesh is cold resistant. (rC+) [potion of mutation]
 11548 | D:4      | Gained mutation: You have sharp toenails. [potion of mutation]
 11548 | D:4      | Gained mutation: You regenerate slowly when monsters are visible. [potion of mutation]
 11549 | D:4      | Mangled by Prince Ribbit

Vault maps used:
D:1:      dpeg_arrival_round_c
D:2:      nicolae_qazlal_eye_of_the_storm, lemuel_doored_altar,
          lightli_temple_of_fire, first_bread, uniq_natasha
D:3:      minmay_roachtagon, xom_teletrap_fun, chequers_ecumenical_altar_twisty
D:4:      minmay_misc_feat_tower
D:5:      lemuel_crystal_altar, okawaru_altar_gauntlet_db, serial_shops,
          nicolae_shop_waterfront, roderic_roman_lattice, nemelex_altar_shiori,
          uniq_prince_ribbit1
Temple:   nicolae_temple_figure_eight

Skill      XL: |  1  2  3  4  5  6  7  8 |
---------------+-------------------------+-----
Spellcasting   | 3 4 5 6 7 |  7.1
Fighting       | 1 2 3 4 |  4.2
Hexes          | 4 5 6 7 |  7.4
Stealth        | 5 6 7 8 9 |  9.0
Short Blades   | |  1.1
Dodging        | |  3.0

Action                   |  1- 3 |  4- 6 |  7- 9 || total
-------------------------+-------+-------+-------++-------
Melee: Dagger            |   191 |   395 |   196 ||   782
Throw: Stone             |     5 |     1 |     5 ||    11
 Cast: Corona            |     5 |     1 |       ||     6
       Ensorcelled Hiber |    38 |   107 |    71 ||   216
       Confuse           |       |    19 |    19 ||    38
       Tukima's Dance    |       |     2 |     9 ||    11
       Dazzling Spray    |       |       |     2 ||     2
Evoke: Wand              |       |       |     1 ||     1
  Use: Scroll            |     5 |     2 |     4 ||    11
       Potion            |       |     1 |     1 ||     2
 Stab: Sleeping          |    32 |    61 |    45 ||   138
       Confused          |       |     9 |    12 ||    21
       Distracted        |       |     2 |     1 ||     3
       Invisible         |       |     1 |       ||     1
  Eat: Fruit             |     1 |     1 |       ||     2
       Pizza             |       |     1 |     1 ||     2
       Bread ration      |       |     2 |       ||     2
Armor: Robe              |    23 |    40 |    10 ||    73
       Skin              |       |    35 |       ||    35
Dodge: Dodged            |   187 |   340 |   131 ||   658
